 Dungeon Crawl Stone Soup version 0.32-a0-433-g08bcfe7efd (webtiles) character file.

Game seed: 10545690464497034311

6460 ezpacito the Sneak (level 10, 0/111 HPs)
             Began as a Demonspawn Chaos Knight on Feb 23, 2024.
             Was a Plaything of Xom.
             Succumbed to a kobold brigand's curare-tipped dart
             ... on level 8 of the Dungeon.
             The game lasted 00:13:19 (6750 turns).

ezpacito the Sneak (Demonspawn Chaos Knight)        Turns: 6750, Time: 00:13:19

Health: 0/111      AC: 25    Str: 14 (17) XL:     10   Next: 67%
Magic:  16/16      EV:  2    Int: 16 (17) God:    Xom [..*...]
Gold:   200        SH:  0    Dex: 17 (18) Spells: 6/17 levels left

rFire   . . .        a - +0 hand axe (chaos)
rCold   . . .        (no shield)
rNeg    . . .        o - melded +4 skin of Zhor {*Englaciate rC+++ SInv}
rPois   +            s - melded +2 helmet
rElec   .            (cloak unavailable)
rCorr   .            (gloves currently unavailable)
SInv    +            w - melded +0 pair of boots
Will    +....        (no amulet)
Stlth   ++++         D - ring of willpower
HPRegen 0.38/turn    r - +6 ring of intelligence
MPRegen 0.15/turn

%: no passive effects
@: lethally poisoned (0 -> -2), tree-form, slowed, studying Stealth, very slow
A: stationary, stasis, torment immunity, boosted hp, (spiny 2), (weakness
stinger 3), see invisible, agile 1, strong 1, wild magic 2, evolution 1, noise
suppression
a: Renounce Religion


You were on level 8 of the Dungeon.
You worshipped Xom.
You were a toy of Xom.
You were a tree.
You visited 2 branches of the dungeon, and saw 9 of its levels.

You collected 376 gold pieces.
You spent 176 gold pieces at shops.

Inventory:

Hand Weapons
 a - a +0 hand axe of chaos (weapon)
 d - a +1 halberd of distortion
 n - a +0 battleaxe
Missiles
 b - 8 poisoned darts
 e - 15 boomerangs (quivered)
Armour
 i - a +0 ring mail of positive energy
 k - a +1 chain mail
 o - the +4 skin of Zhor (melded) {*Englaciate rC+++ SInv}
   (Xom gifted it to you on level 8 of the Dungeon)

   *Englaciate: It radiates cold, occasionally slowing all nearby creatures who
   are not resistant to cold.
   rC+++:     It renders you almost immune to cold.
   SInv:      It lets you see invisible.
 s - a +2 helmet (melded)
 w - a +0 pair of boots (melded)
 G - a +0 plate armour
Magical Staves
 A - a staff of cold
Jewellery
 c - a ring of wizardry
 g - a ring of see invisible
 r - a +6 ring of intelligence (right branch)
 D - a ring of willpower (left branch)
Talismans
 F - a storm talisman
Wands
 y - a wand of flame (24)
 C - a wand of light (12)
Scrolls
 h - 2 scrolls of enchant armour
 l - 2 scrolls of teleportation
 p - a scroll of brand weapon {unknown}
 q - a scroll of fear {unknown}
 v - a scroll of blinking {unknown}
 x - a scroll of vulnerability
Potions
 f - 3 potions of mutation
 j - 4 potions of brilliance
 m - 2 potions of lignification


   Skills:
 + Level 5.4 Fighting
 * Level 6.4 Axes
 * Level 6.2 Armour
 * Level 6.0 Dodging
 * Level 7.7 Stealth
 * Level 5.7 Unarmed Combat
 + Level 4.1 Spellcasting
 + Level 3.0 Hexes
 + Level 3.3 Evocations


You had 6 spell levels left.
You knew the following spells:

 Your Spells              Type           Power      Damage    Failure   Level
a - Ensorcelled Hibernat  Hex/Ice        24%        N/A       28%         2
b - Gell's Gravitas       Tloc           5%         N/A       63%         3
c - Swiftness             Air            5%         N/A       63%         3
d - Teleport Other        Tloc           5%         N/A       63%         3

Your spell library contained the following spells:

 Spells                   Type           Power      Damage    Failure   Level
 Sandblast                Erth           10%        2d5       32%         1
 Passwall                 Erth           5%         N/A       63%         3
 Stone Arrow              Conj/Erth      10%        3d7       63%         3
 Brom's Barrelling Bould  Conj/Erth      5%         2d3       94%         4
 Dispersal                Tloc           2%         N/A       100%        6


Dungeon Overview and Level Annotations

Branches:
Dungeon (8/15)             Temple (1/1) D:6
   Lair: D:8-11

Altars:
Ashenzari
Cheibriados
Dithmenos
Gozag
Hepliaklqana
Kikubaaqudgha
Makhleb
Nemelex Xobeh
Okawaru
Qazlal
Ru
Sif Muna
Uskayaw
Vehumet
Wu Jian
Xom

Shops:
D:8 !


Innate Abilities, Weirdness & Mutations

You are a tree.
Your roots penetrate the ground, keeping you stationary.
You cannot be teleported.
You are immune to unholy pain and torment.
Your maximum health is greatly increased.
Your equipment is partially melded.
((You are mostly covered in sharp spines.))
((You have a sharp stinger which inflicts weakening toxins.))
You have supernaturally acute eyesight. (SInv)
You are agile. (Dex +4, Str/Int -1)
Your muscles are strong. (Str +4, Int/Dex -1)
Your spells are harder to cast, but more powerful.
You have hidden genetic potential.
You passively dampen the noise of your surroundings.


Message History

You kill the centaur!
Your Hexes skill increases to level 3!
A kobold brigand comes into view.
It is wielding a +0 short sword and quivering curare-tipped darts.
The kobold brigand shouts!
You hear a shout!
The kobold brigand throws a curare-tipped dart.
The curare-tipped dart hits you.
You are poisoned.
You have difficulty breathing.
* * * LOW HITPOINT WARNING * * *
You feel yourself slow down.
You hear a shout!
Things that are here:
a +0 hand axe; a +0 orcbow; a centaur corpse It was a potion of lignification.
You turn into a tree.
Your +2 helmet melds into your body.
Your +0 pair of boots melds into your body.
The +4 skin of Zhor {*Englaciate rC+++ SInv} melds into your body.
Your roots penetrate the ground.
* * * LOW HITPOINT WARNING * * *
You feel very sick.
A kobold comes into view. It is wielding a +0 short sword.
The kobold brigand throws a curare-tipped dart.
The curare-tipped dart hits you. You resist.
The kobold moves out of view.
It was a potion of enlightenment.
Your roots keep you in place.
* * * LOW HITPOINT WARNING * * *
You feel very sick.
It was a potion of degeneration.
There was something very wrong with that liquid.
You feel weakened.
You feel dopey.
You feel clumsy.
* * * LOW HITPOINT WARNING * * *
You feel sick.
A kobold comes into view. It is wielding a +0 short sword.
Aiming: Throw Flame
Press: ? - help, Shift-Dir - straight line, f - kobold brigand
Aim: a kobold brigand, wielding a +0 short sword and quivering curare-tipped darts (64% to hit)
The puff of flame hits the kobold brigand!
The kobold brigand is moderately wounded.
Your enlightenment fades.
You die...
Xom cackles wildly!

.......>..
########....#.......
#.......... ###..#.......
..~~~~.....#
###...........
..~...~.....#
#...##....#... ~~≈
.......######.####.......)
~≈≈ ~~≈~...)...[..#
#........ .~≈
.~~~~~...~~)### ##.......
.~~ .....~~~~.))..#
##.##.. ~~.
..........♣##.# .. # ...
##.........##... ... ###
#........K####.#
#.........# ...
#.......... ...
##########K. .... .. ...
##


You could see a kobold brigand and a kobold.

Vanquished Creatures
  Psyche (D:8)
  A polar bear (D:8)
  Grinder (D:5)
  11 yaks
  An unseen horror simulacrum (D:8)
  An acid dragon (D:7)
  3 water moccasins
  5 orc warriors
  An ice beast (D:7)
  3 sky beasts
  2 black bears
  5 ogres
  A wolf (D:8)
  3 centaurs
  A phantom (D:5)
  4 scorpions
  A wight (D:4)
  6 killer bees (D:4)
  A howler monkey (D:6)
  A wyvern simulacrum (D:8)
  4 orc priests
  A bombardier beetle (D:5)
  2 gnoll boudas (D:6)
  2 jellies (D:3)
  8 hounds
  2 iguanas (D:4)
  4 orc wizards
  3 sleepcaps
  A human skeleton (D:8)
  A centaur simulacrum (D:8)
  A hound skeleton (D:8)
  8 adders
  8 gnolls (D:6)
  3 shadow imps
  2 white imps
  2 ufetubi (D:6)
  2 ribbon worms
  27 orcs
  9 ball pythons
  7 bats
  8 endoplasms
  7 giant cockroaches
  7 goblins
  12 hobgoblins
  8 kobolds (D:3)
  4 quokkas
  A frilled lizard (D:1)
  4 rats
201 creatures vanquished.

Vanquished Creatures (collateral kills)
  A yak (D:8)
  3 endoplasms (D:3)
4 creatures vanquished.

Vanquished Creatures (others)
  A yak (D:8)
  An orc zombie (D:8)
2 creatures vanquished.

Grand Total: 207 creatures vanquished

Notes
Turn   | Place    | Note
-------+----------+-------------------------------------------
     0 | D:1      | ezpacito the Demonspawn Chaos Knight began the quest for
                  | the Orb.
     0 | D:1      | Reached XP level 1. HP: 18/18 MP: 1/1
     3 | D:1      | Noticed an electric eel
     4 | D:1      | Noticed an electric eel
    41 | D:1      | Reached skill level 1 in Dodging
   121 | D:1      | Gained mutation: You have a small tail. [demonic ancestry]
   121 | D:1      | Reached XP level 2. HP: 24/24 MP: 2/2
   531 | D:2      | Gained mutation: You are partially covered in sharp spines.
                  | [demonic ancestry]
   531 | D:2      | Reached XP level 3. HP: 29/29 MP: 3/3
   558 | D:2      | Reached skill level 1 in Unarmed Combat
   572 | D:2      | XOM: cloud trail
   721 | D:2      | XOM: silly message
  1349 | D:3      | Gained mutation: You have a tail ending in a sharp stinger.
                  | [demonic ancestry]
  1349 | D:3      | Reached XP level 4. HP: 35/35 MP: 4/4
  1839 | D:3      | Reached skill level 1 in Spellcasting
  1839 | D:3      | XOM: summons friendly iron imp
  1845 | D:3      | Gained mutation: You are mostly covered in sharp spines.
                  | [demonic ancestry]
  1845 | D:3      | Reached XP level 5. HP: 41/41 MP: 6/6
  1846 | D:3      | XOM: 3-stop teleportation journey
  1897 | D:3      | Noticed a +0 short sword
  1897 | D:3      | Noticed a +0 short sword
  1898 | D:3      | Noticed a +0 dagger
  1899 | D:3      | Noticed a +0 spear
  1899 | D:3      | Noticed a +0 spear
  1900 | D:3      | Noticed a +0 dagger
  1904 | D:3      | Noticed a +0 falchion
  1904 | D:3      | Noticed a +0 falchion
  1999 | D:3      | Found a hide-covered altar of Uskayaw.
  2137 | D:4      | XOM: stealth player
  2266 | D:4      | Reached XP level 6. HP: 28/47 MP: 7/7
  2402 | D:4      | XOM: summons 4 hostile demons
  2403 | D:4      | Noticed a soul eater
  2403 | D:4      | Noticed a rust devil
  2416 | D:4      | Reached XP level 7. HP: 22/53 MP: 9/9
  2521 | D:4      | XOM: give mutation
  2521 | D:4      | Gained mutation: Your muscles are strong. (Str +4, Int/Dex
                  | -1) [Xom's mischief]
  2644 | D:4      | Reached skill level 1 in Stealth
  3003 | D:4      | XOM: give mutations
  3003 | D:4      | Gained mutation: Your spells are a little harder to cast,
                  | but a little more powerful. [Xom's grace]
  3003 | D:4      | Gained mutation: You are robust. (+10% HP) [Xom's grace]
  3003 | D:4      | Gained mutation: You are resistant to electric shocks.
                  | (rElec) [Xom's grace]
  3003 | D:4      | Gained mutation: You have supernaturally acute eyesight.
                  | (SInv) [Xom's grace]
  3323 | D:4      | XOM: give mutations
  3323 | D:4      | Gained mutation: You passively dampen the noise of your
                  | surroundings. [Xom's mischief]
  3323 | D:4      | Gained mutation: Your spells are harder to cast, but more
                  | powerful. [Xom's mischief]
  3470 | D:5      | Entered Level 5 of the Dungeon
  3531 | D:5      | Reached skill level 2 in Stealth
  3626 | D:5      | XOM: chaos cloud
  3694 | D:5      | Noticed Grinder
  3694 | D:5      | XOM: 6-stop teleportation journey
  3706 | D:5      | Paralysed by Grinder for 4 turns
  3714 | D:5      | Killed Grinder
  3715 | D:5      | Reached skill level 3 in Stealth
  3715 | D:5      | Reached XP level 8. HP: 45/66 MP: 11/11
  3754 | D:5      | XOM: stat loss: -1 Dex (11/12)
  3827 | D:5      | Reached skill level 1 in Evocations
  3878 | D:5      | Found a sparkling altar of Nemelex Xobeh.
  4103 | D:5      | Learned a level 2 spell: Ensorcelled Hibernation
  4107 | D:5      | Learned a level 3 spell: Gell's Gravitas
  4111 | D:5      | Learned a level 3 spell: Swiftness
  4119 | D:5      | Learned a level 3 spell: Teleport Other
  4140 | D:6      | Reached skill level 4 in Stealth
  4349 | D:6      | XOM: noise
  4357 | D:6      | XOM: confuse monster(s)
  4360 | D:6      | Reached skill level 5 in Axes
  4375 | D:6      | XOM: enchant monster (bad)
  4379 | D:6      | Found a staircase to the Ecumenical Temple.
  4438 | D:6      | Reached skill level 1 in Hexes
  4438 | D:6      | Gained mutation: You have a sharp stinger which inflicts
                  | weakening toxins. [demonic ancestry]
  4438 | D:6      | Reached XP level 9. HP: 72/72 MP: 13/13
  4457 | Temple   | Entered the Ecumenical Temple
  4480 | D:6      | XOM: chaos cloud
  4491 | D:6      | Reached skill level 5 in Stealth
  4496 | D:6      | XOM: silly message
  4505 | D:6      | Reached skill level 5 in Armour
  4608 | D:6      | XOM: chaos upgrade
  5201 | D:7      | XOM: draining
  5205 | D:7      | Reached skill level 5 in Dodging
  5353 | D:7      | XOM: blink monster(s)
  5371 | D:7      | XOM: 1-stop teleportation journey
  5386 | D:7      | XOM: 1-stop teleportation journey
  5395 | D:7      | Reached skill level 6 in Stealth
  5494 | D:7      | XOM: repel stairs
  5502 | D:7      | Reached skill level 5 in Unarmed Combat
  5711 | D:7      | XOM: give mutations
  5711 | D:7      | Lost mutation: You are robust. (+10% HP) [Xom's mischief]
  5711 | D:7      | Gained mutation: You have hidden genetic potential. [Xom's
                  | mischief]
  5711 | D:7      | Lost mutation: You are resistant to electric shocks.
                  | (rElec) [Xom's mischief]
  6055 | D:8      | Noticed a polar bear
  6055 | D:8      | Noticed a polar bear
  6056 | D:8      | Noticed Psyche
  6059 | D:8      | XOM: cast spell 'Summon Small Mammal'
  6073 | D:8      | Reached skill level 5 in Fighting
  6073 | D:8      | Reached XP level 10. HP: 67/74 MP: 15/15
  6076 | D:8      | XOM: cast spell 'Summon Ice Beast'
  6119 | D:8      | Reached skill level 7 in Stealth
  6120 | D:8      | XOM: cast spell 'Olgreb's Toxic Radiance'
  6134 | D:8      | Killed Psyche
  6172 | D:8      | Gained mutation: You are agile. (Dex +4, Str/Int -1)
                  | [hidden potential]
  6373 | D:8      | XOM: smoke on damage
  6503 | D:8      | Found Aranuv's Distillery.
  6510 | D:8      | Bought a potion of mutation for 88 gold pieces
  6510 | D:8      | Bought a potion of mutation for 88 gold pieces
  6567 | D:8      | Found a burning altar of Makhleb.
  6629 | D:8      | HP: 1/74 [orc warrior/+1 halberd of distortion (22)]
  6629 | D:8      | XOM: butterfly on damage
  6634 | D:8      | XOM: potion effect (invisibility)
  6690 | D:8      | XOM: god gift: +4 skin of Zhor {*Englaciate rC+++ SInv}
  6691 | D:8      | Found the +4 skin of Zhor {*Englaciate rC+++ SInv}
  6747 | D:8      | HP: 5/111 [poisoned by a kobold brigand (curare-tipped
                  | dart)]
  6748 | D:8      | HP: 2/111 [poisoned by a kobold brigand (curare-tipped
                  | dart)]
  6750 | D:8      | Succumbed to a kobold brigand's curare-tipped dart

Illustrated notes

Levels and vault maps discovered:
D:1:      arrival_aquarium_b, layout_rooms
D:2:      layout_loops_ring
D:3:      cheibrodos_fertilizer, layout_basic, nicolae_uskayaw_en_pointe,
          minivault_23, st_stairs_2
D:4:      layout_basic, abandoned_shop, minmay_manual_mail
D:5:      layout_rooms, nemelex_dance_club_becter, serial_bayou_pond_d,
          uniq_grinder
D:6:      layout_loops_ring, minmay_temple_entry_proselytizer
D:7:      cheibrodos_helix_gallery, layout_basic
D:8:      layout_rooms, makhleb_blood_cavern_becter, serial_shops,
          nicolae_diamond_shop, serial_ice, serial_ice_k, serial_ice_a,
          serial_ice_h, serial_ice_b, uniq_psyche
Temple:   nicolae_temple_superstar

Skill      XL: |  1  2  3  4  5  6  7  8  9 10 |
---------------+-------------------------------+-----
Dodging        | 1 2 3 4 5 6 |  6.0
Armour         | 2 3 4 5 6 |  6.2
Unarmed Combat | 1 2 3 4 5 |  5.7
Axes           | 3 4 5 6 |  6.4
Spellcasting   | 1 2 3 4 |  4.1
Stealth        | 3 4 6 7 |  7.7
Fighting       | 4 5 |  5.4
Evocations     | 1 2 3 |  3.3
Hexes          | 1 2 3 |  3.0

Action                     |  1- 3 |  4- 6 |  7- 9 | 10-12 || total
---------------------------+-------+-------+-------+-------++-------
  Melee: Hand axe          |    91 |    74 |   275 |   118 ||   558
         Tailslap          |     4 |     6 |    53 |    25 ||    88
  Evoke: Wand              |       |       |     1 |     1 ||     2
    Use: Scroll            |       |     6 |     3 |     2 ||    11
         Potion            |       |     1 |     5 |    10 ||    16
   Stab: Sleeping          |     1 |       |       |       ||     1
         Confused          |       |       |     7 |       ||     7
         Petrifying        |       |       |     1 |       ||     1
         Petrified         |       |       |     1 |       ||     1
         Paralysed         |       |       |     1 |       ||     1
         Invisible         |       |       |       |     8 ||     8
 Armour: Leather armour    |    62 |    24 |       |       ||    86
         Chain mail        |       |    41 |   187 |    67 ||   295
         Animal skin       |       |       |       |     4 ||     4
  Dodge: Dodged            |    67 |    40 |    92 |    61 ||   260

Table legend: (Time is in decaauts)
 A = Elapsed time spent in this place.
 B = Non-inter-level travel time spent in this place.
 C = Inter-level travel time spent in this place.
 D = Time resting spent in this place.
 E = Time spent auto-exploring this place.
 F = Levels seen in this place.
 G = Mean time per level.
                   A        B        C        D        E       F      G
               +--------+--------+--------+--------+--------+-----+--------+
         Total |   6749 |   6512 |    237 |    131 |   5071 |   9 |  749.9 |
       Dungeon |   6748 |   6512 |    236 |    131 |   5071 |   8 |  843.5 |
        Temple |      1 |      1 |      0 |      0 |      0 |   1 |    1.0 |
               +--------+--------+--------+--------+--------+-----+--------+

Top non-repeatable levels by time:
     D:4: 1255 daAuts
     D:6: 983 daAuts
     D:7: 922 daAuts
     D:3: 903 daAuts
     D:2: 803 daAuts
     D:8: 679 daAuts
     D:5: 666 daAuts
     D:1: 534 daAuts
  Temple: 1 daAuts
